 Dungeon Crawl Stone Soup version 0.30.1-11-g7821555f0a (webtiles) character file.

Game seed: 2596042521598159319

266 Chiseanne the Trooper (level 6, 34/48 HPs)
             Began as a Demonspawn Wanderer on Nov 28, 2023.
             Quit the game on level 3 of the Dungeon.
             The game lasted 00:05:10 (2923 turns).

Chiseanne the Trooper (Demonspawn Wanderer)         Turns: 2923, Time: 00:05:10

Health: 34/48      AC: 14    Str: 11    XL:     6   Next: 0%
Magic:  16/16      EV: 13    Int: 15    God:
Gold:   99         SH:  0    Dex: 14    Spells: 7/7 levels left

rFire   . . .        a - +2 mace (protect)
rCold   . . .        (no shield)
rNeg    . . .        e - +0 ring mail
rPois   +            (no helmet)
rElec   .            c - +0 cloak
rCorr   .            (no gloves)
SInv    .            k - +0 pair of boots
Will    .....        (no amulet)
Stlth   +            h - ring of poison resistance
HPRegen 0.28/turn    o - ring of magical power
MPRegen 0.30/turn

%: no passive effects
@: under a protective aura
A: repulsion field 1, magic regeneration, demonic touch 1
a: no special abilities


You were on level 3 of the Dungeon.
You visited 1 branch of the dungeon, and saw 4 of its levels.

You collected 99 gold pieces.

Inventory:

Hand Weapons
 a - a +2 mace of protection (weapon)
 s - a +2 dagger
Missiles
 b - 3 curare-tipped darts (quivered)
 i - 55 stones
Armour
 c - a +0 cloak (worn)
 e - a +0 ring mail (worn)
 k - a +0 pair of boots (worn)
Jewellery
 f - an amulet of faith
 h - a ring of poison resistance (left hand)
 o - a ring of magical power (right hand)
Scrolls
 d - 2 scrolls of fear
 j - a scroll of teleportation
Potions
 g - a potion of berserk rage
 l - a potion of might
 n - a potion of lignification {unknown}


   Skills:
 * Level 3.6 Fighting
 - Level 2.6 Throwing
 * Level 2.5 Armour
 * Level 3.3 Dodging
 - Level 1.0 Stealth
 - Level 1.0 Spellcasting
 - Level 2.6 Transmutations


You had 7 spell levels left.
You didn't know any spells.
Your spell library contained the following spells:

 Spells                   Type           Power      Damage    Failure   Level
 Wereblood                Tmut           8%         N/A       28%         2
 Passwall                 Tmut/Erth      3%         N/A       45%         2
 Magic Dart               Conj           0%         1d3       50%         1
 Call Imp                 Summ           0%         N/A       65%         2
 Call Canine Familiar     Summ           0%         N/A       86%         3
 Mephitic Cloud           Conj/Pois/Air  0%         N/A       86%         3
 Portal Projectile        Hex/Tloc       0%         N/A       86%         3
 Leda's Liquefaction      Hex/Erth       0%         N/A       99%         4


Dungeon Overview and Level Annotations

Branches:
Dungeon (4/15)
 Temple: D:4-7

Altars:


Innate Abilities, Weirdness & Mutations

You are surrounded by a mild repulsion field. (EV +2)
You regenerate magic rapidly.
Your touch may inflict minor irresistible damage on your foes.


Message History

The orc wizard points at you and mumbles some strange words.
The puff of flame hits you.
The orc priest looks satisfied for a moment.
You climb upwards.
There is a stone staircase leading down here.
You can't go up here!
You barely miss the orc wizard.
You feel less confused. The orc wizard casts a spell at you.
The puff of flame misses you. The orc wizard closely misses you.
You miss the orc wizard. The orc wizard closely misses you.
You hit the orc wizard but do no damage.
Your weapon exudes an aura of protection.
The orc wizard hits you with a +0 dagger.
The orc wizard misses you.
You sock the orc wizard!
The orc wizard is severely wounded.
The orc wizard closely misses you.
You closely miss the orc wizard.
The orc wizard is severely wounded.
The orc wizard barely misses you.
You barely miss the orc wizard.
The orc wizard is severely wounded.
The orc wizard hits you but does no damage.
The orc wizard casts a spell at you. You resist with some effort.
You hit the orc wizard.
The orc wizard is severely wounded.
The orc wizard hits you but does no damage.
You closely miss the orc wizard.
The orc wizard is severely wounded.
The orc wizard barely misses you.
The orc wizard gestures at you while chanting.
The puff of flame hits you!
You hit the orc wizard.
You kill the orc wizard!
You have reached level 6!
Your demonic ancestry asserts itself...
Your hands begin to faintly glow with unholy energy.
Are you sure you want to abandon this character and quit the game? (Confirm with "yes".)

......................#
##########........###.#
#........# #.# ###
#........###.#### #..
#........##.....# #..
#........##.....# #..
#........##.....# ###
#........##.....# #####
#.....)@).....>.# ....#
#######.).......#
....########## #.........#
....##.......# #.........#####
....##.......# #.............#
....##.......###....#.#......#
....................#.#......#
....##......)###....#.#......#
##.###.......# #....#.#...<..#


There were no monsters in sight!

Vanquished Creatures
  A phantom (D:4)
  An iguana (D:4)
  An orc wizard (D:3)
  6 adders
  A worm (D:2)
  2 dart slugs
  8 orcs (D:3)
  7 endoplasms
  2 giant cockroaches
  6 goblins
  A hobgoblin (D:1)
  5 quokkas
  8 ball pythons
  6 bats
  5 frilled lizards
  8 kobolds
  6 rats
74 creatures vanquished.

Notes
Turn   | Place    | Note
-------+----------+-------------------------------------------
     0 | D:1      | Chiseanne the Demonspawn Wanderer began the quest for the
                  | Orb.
     0 | D:1      | Chiseanne set off with the following items: a +2 dagger, 3
                  | curare-tipped darts, a +0 cloak, a scroll of fear, a +0
                  | robe; and the following spells available to memorise:
                  | Wereblood, Passwall.
     0 | D:1      | Reached XP level 1. HP: 15/15 MP: 2/2
   108 | D:1      | Gained mutation: You are surrounded by a mild repulsion
                  | field. (EV +2) [demonic ancestry]
   108 | D:1      | Reached XP level 2. HP: 21/21 MP: 3/3
   321 | D:1      | Found a faded altar of an unknown god.
   732 | D:2      | Gained mutation: You regenerate magic rapidly. [demonic
                  | ancestry]
   732 | D:2      | Reached XP level 3. HP: 23/27 MP: 4/4
   978 | D:2      | Reached skill level 1 in Armour
  1060 | D:2      | Reached XP level 4. HP: 32/34 MP: 5/5
  2597 | D:4      | Noticed a phantom
  2644 | D:4      | Killed a phantom
  2645 | D:4      | Reached XP level 5. HP: 21/41 MP: 6/6
  2923 | D:3      | Gained mutation: Your touch may inflict minor irresistible
                  | damage on your foes. [demonic ancestry]
  2923 | D:3      | Reached XP level 6. HP: 34/48 MP: 7/7
  2923 | D:3      | Quit the game

Illustrated notes

Levels and vault maps discovered:
D:1:      dpeg_arrival_rooms_with_view, layout_rooms,
          hellmonk_ecumenical_altar_arch_garden, skrybe_limestone_x, st_stairs_8
D:2:      layout_basic
D:3:      layout_basic, bh_walls_and_bars
D:4:      layout_gridville, kennysheep_mini_moat, mainiacjoe_overflow_swirl

Skill      XL: |  1  2  3  4 |
---------------+-------------+-----
Fighting       | 2 3 |  3.6
Dodging        | 2 3 |  3.3
Armour         | 1 2 |  2.5
Throwing       | |  2.6
Stealth        | |  1.0
Spellcasting   | |  1.0
Transmutations | |  2.6

Action                     |  1- 3 |  4- 6 || total
---------------------------+-------+-------++-------
  Melee: Dagger            |   135 |    14 ||   149
         Punch             |     2 |     1 ||     3
         Mace              |       |   139 ||   139
  Throw: Dart              |       |     1 ||     1
         Boomerang         |       |     1 ||     1
    Use: Scroll            |     6 |     3 ||     9
   Stab: Sleeping          |     2 |       ||     2
 Armour: Robe              |     9 |       ||     9
         Leather armour    |     9 |       ||     9
         Ring mail         |    11 |    67 ||    78
  Dodge: Dodged            |   107 |   147 ||   254
